[Event "ESP-chT Div Honor 2018"]
[Site "Linares"]
[Date "2018.08.08"]
[Round "3"]
[White "Aroshidze, Levan"]
[Black "Alshameary Puente, Ismael"]
[Result "1-0"]
[WhiteElo "2504"]
[BlackElo "2343"]
[ECO "B90"]
[Opening "Sicilian"]
[Variation "Najdorf"]
[TimeControl "40/5400+30:1800+30"]
[Annotator "ChessBase"]
[EventDate "2018.08.06"]
[PlyCount "71"]
[EventType "team-tourn"]
[EventCountry "ESP"]

1. e4 c5 2. Nf3 d6 3. d4 cxd4 4. Nxd4 Nf6 5. Nc3 a6 6. f3 e5 7. Nb3 Be6 8.
Be3 Be7 9. Qd2 O-O 10. O-O-O a5 11. a4 Nc6 12. g4 Nb4 13. Kb1 Rc8 14. g5
Nh5 15. Rg1 Qc7 16. Qf2 f5 17. Bb6 Qb8 18. Qd2 Nf4 19. Bxa5 Nxc2 20. Qxc2
Qa7 21. Bb5 d5 22. exd5 Nxd5 23. Nxd5 Rxc2 24. Bb6 Qxb6 25. Nxb6 Bxb3 26.
Rd3 Bc5 27. Rxb3 Bxb6 28. Kxc2 Bxg1 29. Bc4+ Kh8 30. Rxb7 Ra8 31. a5 g6 32.
a6 Bxh2 33. b4 Bg1 34. b5 h6 35. gxh6 Ra7 36. b6 1-0

[Event "ESP-chT Div Honor 2018"]
[Site "Linares"]
[Date "2018.08.08"]
[Round "3"]
[White "Ubilava, Elizbar"]
[Black "Paehtz, Elisabeth"]
[Result "0-1"]
[WhiteElo "2485"]
[BlackElo "2500"]
[ECO "A35"]
[Opening "English"]
[Variation "symmetrical, four knights system"]
[TimeControl "40/5400+30:1800+30"]
[Annotator "ChessBase"]
[EventDate "2018.08.06"]
[PlyCount "58"]
[EventType "team-tourn"]
[EventCountry "ESP"]

1. Nf3 c5 2. c4 Nc6 3. Nc3 Nf6 4. g3 d5 5. cxd5 Nxd5 6. Bg2 Nc7 7. O-O e5
8. a3 Rb8 9. d3 Be7 10. Nd2 Bd7 11. Nc4 f6 12. f4 b5 13. fxe5 bxc4 14. exf6
Bxf6 15. Ne4 O-O 16. Nxf6+ Rxf6 17. dxc4 Rxf1+ 18. Qxf1 Nd4 19. b4 Qe7 20.
Bf4 Nxe2+ 21. Kh1 Nxf4 22. Qxf4 Qf6 23. Qxf6 gxf6 24. bxc5 Be6 25. Rd1 Kf7
26. h4 Ke7 27. Bc6 Na6 28. Re1 Nxc5 29. g4 Nd3 0-1

[Event "ESP-chT Div Honor 2018"]
[Site "Linares"]
[Date "2018.08.08"]
[Round "3"]
[White "Matnadze, Ana"]
[Black "Collazo Hidalgo Gato, Niala"]
[Result "0-1"]
[WhiteElo "2378"]
[BlackElo "2199"]
[ECO "B06"]
[Opening "Robatsch (modern) defence"]
[TimeControl "40/5400+30:1800+30"]
[Annotator "NA"]
[EventDate "2018.08.06"]
[PlyCount "62"]
[EventType "team-tourn"]
[EventCountry "ESP"]

1. e4 g6 2. Nc3 Bg7 3. b3 c5 4. Bb2 b6 5. Nf3 Bb7 6. d4 cxd4 7. Nxd4 Nf6 8.
e5 Nh5 9. Nf3 O-O 10. Nd5 e6 11. Ne3 f6 12. Qd6 Bxf3 13. gxf3 Nc6 14. Bb5
Nxe5 15. O-O-O Rf7 16. Bxe5 Bf8 17. Qd2 fxe5 18. Bxd7 Qe7 19. Bc6 Rc8 20.
Bb5 a6 21. Bf1 e4 22. Nc4 Bg7 23. Bh3 Nf4 24. Bf1 Nd5 25. c3 Nxc3 26. Bh3
b5 27. Qd7 Qg5+ 28. Qd2 Qf6 29. Kc2 Nxd1 30. Qd6 Nxf2 31. Rb1 Qc3# 0-1

[Event "ESP-chT Div Honor 2018"]
[Site "Linares"]
[Date "2018.08.08"]
[Round "3"]
[White "Gines Esteo, Pedro Antonio"]
[Black "Assaubayeva, Bibissara"]
[Result "0-1"]
[WhiteElo "2336"]
[BlackElo "2346"]
[ECO "E73"]
[Opening "King's Indian"]
[Variation "Semi-Averbakh system"]
[TimeControl "40/5400+30:1800+30"]
[Annotator "NA"]
[EventDate "2018.08.06"]
[PlyCount "98"]
[EventType "team-tourn"]
[EventCountry "ESP"]

1. d4 Nf6 2. c4 g6 3. Nc3 Bg7 4. e4 d6 5. Be2 O-O 6. Be3 c5 7. d5 e6 8. Nf3
exd5 9. cxd5 Bg4 10. O-O Nbd7 11. Nd2 Bxe2 12. Qxe2 a6 13. a4 Qe7 14. a5
Ne8 15. Ra4 Nc7 16. f4 b5 17. axb6 Nxb6 18. Ra5 f5 19. e5 Ncxd5 20. Nxd5
Nxd5 21. Qc4 Qf7 22. Bf2 dxe5 23. fxe5 Bxe5 24. Nf3 Bf6 25. Rfa1 Nb4 26.
Qxf7+ Rxf7 27. Bxc5 Nd3 28. Bd4 Bxd4+ 29. Nxd4 Rb7 30. Rxa6 Rxa6 31. Rxa6
Rxb2 32. g3 Nf2 33. Ra7 Nh3+ 34. Kh1 Ng5 35. Ra3 Kg7 36. Nf3 Nh3 37. Ra7+
Kh6 38. Rd7 g5 39. Ne5 g4 40. Nxg4+ fxg4 41. Rxh7+ Kg6 42. Rg7+ Kf5 43.
Rf7+ Ke4 44. Re7+ Kf3 45. Rf7+ Ke2 46. Re7+ Kf1 47. Re1+ Kf2 48. Rf1+ Ke3
49. Rf3+ gxf3 0-1

[Event "ESP-chT Div Honor 2018"]
[Site "Linares"]
[Date "2018.08.09"]
[Round "4"]
[White "Shirov, Alexei"]
[Black "Mirzoev, Azer"]
[Result "1-0"]
[WhiteElo "2631"]
[BlackElo "2510"]
[ECO "C10"]
[Opening "French"]
[Variation "Rubinstein variation"]
[TimeControl "40/5400+30:1800+30"]
[Annotator "RC"]
[EventDate "2018.08.06"]
[PlyCount "61"]
[EventType "team-tourn"]
[EventCountry "ESP"]

1. e4 e6 2. d4 d5 3. Nc3 dxe4 4. Nxe4 Nd7 5. g4 Ngf6 6. Nxf6+ Nxf6 7. g5
Qd5 8. Nf3 Qe4+ 9. Qe2 Qxe2+ 10. Bxe2 Nd5 11. c4 Nb4 12. O-O Bd7 13. a3 Nc6
14. d5 exd5 15. cxd5 Ne7 16. Ne5 Ng6 17. Nxd7 Kxd7 18. b4 Bd6 19. f4 a6 20.
Bb2 Rhg8 21. Bg4+ Kd8 22. Rae1 Ne7 23. f5 Nxd5 24. Bh5 g6 25. fxg6 fxg6 26.
Bf3 Nf4 27. Bg4 c6 28. Be5 Bxe5 29. Rxe5 Nd5 30. Rf7 Nb6 31. Rxb7 1-0

[Event "ESP-chT Div Honor 2018"]
[Site "Linares"]
[Date "2018.08.09"]
[Round "4"]
[White "Magem Badals, Jordi"]
[Black "Silva Lucena, Cristian"]
[Result "1-0"]
[WhiteElo "2531"]
[BlackElo "2237"]
[ECO "C76"]
[Opening "Ruy Lopez"]
[Variation "modern Steinitz defence, fianchetto (Bronstein) variation"]
[TimeControl "40/5400+30:1800+30"]
[Annotator "ChessBase"]
[EventDate "2018.08.06"]
[PlyCount "81"]
[EventType "team-tourn"]
[EventCountry "ESP"]

1. e4 e5 2. Nf3 Nc6 3. Bb5 a6 4. Ba4 g6 5. c3 d6 6. d4 Bd7 7. O-O Bg7 8.
Be3 Nf6 9. Nbd2 O-O 10. h3 Re8 11. Bc2 h6 12. Re1 Nh5 13. Nf1 Qe7 14. Qd2
Kh7 15. Rad1 Rad8 16. Ng3 Nxg3 17. fxg3 Rf8 18. g4 Rb8 19. d5 Nd8 20. c4 f6
21. b4 Nf7 22. c5 Ng5 23. Nh2 Qe8 24. Nf1 Ba4 25. Ng3 Bxc2 26. Qxc2 Qb5 27.
Rb1 Nf7 28. Rec1 Qd7 29. c6 Qc8 30. cxb7 Rxb7 31. Qa4 Qa8 32. Rc6 a5 33. b5
Nd8 34. Ra6 Qxa6 35. bxa6 Rxb1+ 36. Kh2 Rb8 37. h4 h5 38. gxh5 gxh5 39. Qd1
c5 40. Qxh5+ Kg8 41. Nf5 1-0

[Event "ESP-chT Div Honor 2018"]
[Site "Linares"]
[Date "2018.08.09"]
[Round "4"]
[White "Cornette, Deimante"]
[Black "Osmak, Iulija"]
[Result "1-0"]
[WhiteElo "2463"]
[BlackElo "2410"]
[ECO "C12"]
[Opening "French"]
[Variation "MacCutcheon, Dr. Olland (Dutch) variation"]
[TimeControl "40/5400+30:1800+30"]
[Annotator "ChessBase"]
[EventDate "2018.08.06"]
[PlyCount "61"]
[EventType "team-tourn"]
[EventCountry "ESP"]

1. e4 e6 2. d4 d5 3. Nc3 Nf6 4. Bg5 Bb4 5. e5 h6 6. Bc1 Nfd7 7. Qg4 Bf8 8.
Nf3 b6 9. Bd3 Ba6 10. Nb5 Nc6 11. c3 Ndb8 12. O-O Qd7 13. a4 Na5 14. Rd1 g6
15. Bf4 Be7 16. b4 Nc4 17. Bxc4 dxc4 18. d5 Bxb5 19. dxe6 Qxe6 20. Qxe6
fxe6 21. axb5 g5 22. Be3 Nd7 23. Rd4 O-O-O 24. Rxa7 g4 25. Rxc4 c5 26. Nd4
Nxe5 27. Bf4 Rd5 28. Bxe5 Rxe5 29. f4 gxf3 30. Nxf3 Bd6 31. Ra8+ 1-0

[Event "ESP-chT Div Honor 2018"]
[Site "Linares"]
[Date "2018.08.09"]
[Round "4"]
[White "Assaubayeva, Bibisara"]
[Black "Matnadze, Ana"]
[Result "1-0"]
[WhiteElo "2346"]
[BlackElo "2378"]
[ECO "E18"]
[Opening "Queen's Indian"]
[Variation "old main line, 7.Nc3"]
[TimeControl "40/5400+30:1800+30"]
[Annotator "NA"]
[EventDate "2018.08.06"]
[PlyCount "103"]
[EventType "team-tourn"]
[EventCountry "ESP"]

1. d4 Nf6 2. c4 e6 3. Nf3 b6 4. g3 Bb7 5. Bg2 Be7 6. O-O O-O 7. Nc3 Ne4 8.
Bd2 f5 9. Ne5 Nxc3 10. Bxc3 Bxg2 11. Kxg2 Bf6 12. Qd3 d6 13. Qf3 Nd7 14.
Nc6 Qe8 15. e4 fxe4 16. Qxe4 Qf7 17. Rae1 Rae8 18. f4 a5 19. Rf3 g6 20. Qe2
Nb8 21. Nxb8 Rxb8 22. Re3 d5 23. Rxe6 c5 24. cxd5 cxd4 25. Bd2 Rbc8 26. Qe4
Qb7 27. f5 gxf5 28. Qxf5 Bg7 29. Qe4 Rc5 30. Rd6 Qf7 31. Bf4 Rfc8 32. Re2
Qh5 33. Qe6+ Kh8 34. Rc6 Rf8 35. Rxc5 bxc5 36. g4 Qh4 37. Bd6 Rg8 38. Be7
Qh6 39. Qxh6 Bxh6 40. d6 d3 41. Re1 Bf8 42. Bxf8 Rxf8 43. d7 d2 44. Rd1 Kg7
45. Rxd2 Rd8 46. Kf3 Kf6 47. Kf4 a4 48. a3 Ke6 49. Kg5 c4 50. Kh6 Ke5 51.
g5 Kf5 52. Kxh7 1-0

[Event "ESP-chT Div Honor 2018"]
[Site "Linares"]
[Date "2018.08.09"]
[Round "4"]
[White "Alshameary Puente, Ismael"]
[Black "Muzychuk, Anna"]
[Result "1-0"]
[WhiteElo "2343"]
[BlackElo "2564"]
[ECO "A40"]
[Opening "Queen's pawn"]
[Variation "Keres defence"]
[TimeControl "40/5400+30:1800+30"]
[Annotator "ChessBase"]
[EventDate "2018.08.06"]
[PlyCount "75"]
[EventType "team-tourn"]
[EventCountry "ESP"]

1. d4 e6 2. c4 b6 3. e4 Bb4+ 4. Bd2 Bxd2+ 5. Nxd2 d5 6. Ngf3 dxe4 7. Nxe4
Bb7 8. Bd3 Nf6 9. Qe2 Nbd7 10. O-O O-O 11. Rfd1 Qe7 12. Rab1 a5 13. Rbc1
Rfd8 14. Nc3 Rac8 15. Bc2 Qb4 16. Nb5 g6 17. a3 Qf8 18. h3 Qh6 19. Na7 Ra8
20. Nb5 Rac8 21. b4 axb4 22. axb4 Qf4 23. Qd2 Nh5 24. Ne1 Qxd2 25. Rxd2 Ne5
26. Bd1 c6 27. Na3 c5 28. bxc5 Rxc5 29. Bxh5 gxh5 30. dxc5 Rxd2 31. cxb6
Rb2 32. c5 Rb3 33. Nb1 Bc6 34. Nd2 Rb2 35. Ndf3 Bxf3 36. Nxf3 Nc6 37. Rd1
Rb5 38. Nd4 1-0

[Event "ESP-chT Div Honor 2018"]
[Site "Linares"]
[Date "2018.08.09"]
[Round "4"]
[White "Collazo Hidalgo-Gato, Niala"]
[Black "Ubilava, Elizbar"]
[Result "0-1"]
[WhiteElo "2199"]
[BlackElo "2485"]
[ECO "B90"]
[Opening "Sicilian"]
[Variation "Najdorf, Adams attack"]
[TimeControl "40/5400+30:1800+30"]
[Annotator "ChessBase"]
[EventDate "2018.08.06"]
[PlyCount "86"]
[EventType "team-tourn"]
[EventCountry "ESP"]

1. e4 c5 2. Nf3 d6 3. d4 cxd4 4. Nxd4 Nf6 5. Nc3 a6 6. h3 e5 7. Nde2 h5 8.
Bg5 Be7 9. Bxf6 Bxf6 10. Nd5 Bg5 11. a4 Nc6 12. Nec3 g6 13. Bd3 O-O 14. O-O
Be6 15. Kh2 Rc8 16. Ra3 Ne7 17. Rb3 Bxd5 18. exd5 Rc7 19. Ne4 Bh6 20. Nf6+
Kg7 21. Qf3 Nc8 22. Nxh5+ gxh5 23. Qf5 Rh8 24. Be2 Ne7 25. Qd3 Ng6 26. g3
h4 27. Bg4 Qe8 28. Qe4 b5 29. axb5 axb5 30. Rg1 Rc4 31. Qe2 Rd4 32. Rd3
Rxd3 33. Qxd3 hxg3+ 34. fxg3 e4 35. Qa3 Ne5 36. Be2 Qd7 37. Rf1 b4 38. Qb3
Bd2 39. g4 Qe7 40. Qg3 Rh6 41. Qg2 Ng6 42. g5 Qxg5 43. Bg4 Ne5 0-1

[Event "ESP-chT Div Honor 2018"]
[Site "Linares"]
[Date "2018.08.10"]
[Round "5"]
[White "Santos Ruiz, Miguel"]
[Black "Alshameary Puente, Ismael"]
[Result "1-0"]
[WhiteElo "2517"]
[BlackElo "2343"]
[ECO "D70"]
[Opening "Neo-Gruenfeld defence"]
[TimeControl "40/5400+30:1800+30"]
[Annotator "RC"]
[EventDate "2018.08.06"]
[PlyCount "55"]
[EventType "team-tourn"]
[EventCountry "ESP"]

1. d4 Nf6 2. c4 g6 3. f3 d5 4. cxd5 Nxd5 5. e4 Nb6 6. Nc3 Bg7 7. Be3 O-O 8.
Qd2 Nc6 9. O-O-O Qd6 10. Kb1 Rd8 11. Nb5 Qd7 12. d5 a6 13. Nc3 Na7 14. Bh6
Bh8 15. Bd3 Nb5 16. Nge2 c5 17. h4 c4 18. Bc2 Qd6 19. h5 Qb4 20. hxg6 fxg6
21. Be3 Bd7 22. Ka1 Qd6 23. Bxb6 Qxb6 24. Qh6 Bg7 25. Qxh7+ Kf8 26. d6 exd6
27. Qxg6 Nxc3 28. Rh7 1-0

[Event "ESP-chT Div Honor 2018"]
[Site "Linares"]
[Date "2018.08.10"]
[Round "5"]
[White "Ubilava, Elizbar"]
[Black "Assaubayeva, Bibisara"]
[Result "1-0"]
[WhiteElo "2485"]
[BlackElo "2346"]
[ECO "E63"]
[Opening "King's Indian"]
[Variation "fianchetto, Panno variation"]
[TimeControl "40/5400+30:1800+30"]
[Annotator "ChessBase"]
[EventDate "2018.08.06"]
[PlyCount "90"]
[EventType "team-tourn"]
[EventCountry "ESP"]

1. d4 Nf6 2. c4 g6 3. Nc3 Bg7 4. Nf3 O-O 5. g3 d6 6. Bg2 Nc6 7. O-O a6 8.
Bf4 Rb8 9. Rc1 Nd7 10. Qd2 e5 11. dxe5 Ndxe5 12. Nxe5 Nxe5 13. b3 Bd7 14.
Rfd1 Bc6 15. Nd5 Qd7 16. Bh6 b5 17. Bxg7 Kxg7 18. f4 Ng4 19. h3 Bxd5 20.
cxd5 Nf6 21. Qc3 Qe7 22. e4 Rfe8 23. Re1 b4 24. Qd4 Kg8 25. e5 Nh5 26. g4
Ng7 27. Qa7 Qh4 28. Qxc7 dxe5 29. fxe5 h5 30. Rf1 Qe7 31. Qxe7 Rxe7 32.
Rfe1 Rd8 33. Rc6 hxg4 34. hxg4 Rde8 35. d6 Ra7 36. Bd5 Ne6 37. Bxe6 Rxe6
38. g5 Re8 39. Kg2 a5 40. Kf3 a4 41. Rc7 Raa8 42. Kf4 axb3 43. axb3 Kf8 44.
Rh1 Kg7 45. Rhc1 Ra2 1-0

[Event "ESP-chT Div Honor 2018"]
[Site "Linares"]
[Date "2018.08.10"]
[Round "5"]
[White "Suarez Garcia, Carlos"]
[Black "Paehtz, Elisabeth"]
[Result "1/2-1/2"]
[WhiteElo "2468"]
[BlackElo "2500"]
[ECO "D11"]
[Opening "QGD Slav"]
[Variation "4.e3"]
[TimeControl "40/5400+30:1800+30"]
[Annotator "ChessBase"]
[EventDate "2018.08.06"]
[PlyCount "40"]
[EventType "team-tourn"]
[EventCountry "ESP"]

1. d4 d5 2. Nf3 Nf6 3. c4 c6 4. e3 g6 5. Nc3 Bg7 6. Be2 O-O 7. O-O a6 8. a4
a5 9. cxd5 Nxd5 10. e4 Nb4 11. Bg5 Bg4 12. Be3 N8a6 13. Rc1 Rc8 14. Qd2
Bxf3 15. Bxf3 e5 16. d5 f5 17. Bg5 Bf6 18. Bh6 Bg7 19. Bg5 Bf6 20. Bh6 Bg7
1/2-1/2

[Event "ESP-chT Div Honor 2018"]
[Site "Linares"]
[Date "2018.08.10"]
[Round "5"]
[White "Moreno Tejera, Emilio"]
[Black "Magem Badals, Jordi"]
[Result "1-0"]
[WhiteElo "2429"]
[BlackElo "2531"]
[ECO "C50"]
[Opening "Giuoco Piano"]
[TimeControl "40/5400+30:1800+30"]
[Annotator "ChessBase"]
[EventDate "2018.08.06"]
[PlyCount "81"]
[EventType "team-tourn"]
[EventCountry "ESP"]

1. e4 e5 2. Nf3 Nc6 3. Bc4 Bc5 4. O-O Nf6 5. d3 O-O 6. Nbd2 d6 7. c3 a6 8.
Bb3 h6 9. h3 Ba7 10. Re1 Re8 11. Nf1 Be6 12. Bxe6 Rxe6 13. Be3 Bxe3 14.
Nxe3 Re8 15. Nh2 Nb8 16. Nhg4 Nbd7 17. Qf3 h5 18. Nxf6+ Nxf6 19. Rad1 g6
20. Qg3 c6 21. f4 exf4 22. Qxf4 Re6 23. Rf1 Qe7 24. Qg3 Kh8 25. Nc2 Nd7 26.
Nd4 Rf6 27. Rxf6 Nxf6 28. Rf1 Nh7 29. Qf4 Kg8 30. Qg3 Kh8 31. Qf2 Kg7 32.
Nf3 Rf8 33. Qg3 c5 34. Nh4 Ng5 35. Rf5 f6 36. Rd5 c4 37. Nxg6 Kxg6 38. h4
Rd8 39. hxg5 fxg5 40. dxc4 h4 41. Qd3 1-0

[Event "ESP-chT Div Honor 2018"]
[Site "Linares"]
[Date "2018.08.10"]
[Round "5"]
[White "Matnadze, Ana"]
[Black "Gines Esteo, Pedro Antonio"]
[Result "1-0"]
[WhiteElo "2378"]
[BlackElo "2336"]
[ECO "A41"]
[Opening "Queen's Pawn"]
[TimeControl "40/5400+30:1800+30"]
[Annotator "NA RC"]
[EventDate "2018.08.06"]
[PlyCount "139"]
[EventType "team-tourn"]
[EventCountry "ESP"]

1. d4 d6 2. Nf3 g6 3. g3 Bg7 4. Bg2 Nd7 5. O-O e5 6. c4 Ne7 7. Nc3 O-O 8.
e3 h6 9. a4 a5 10. b3 f5 11. dxe5 Nc6 12. Bb2 Ncxe5 13. Nxe5 Bxe5 14. Qc2
Nc5 15. Rad1 Qe7 16. Nd5 Qg7 17. Ba3 Qf7 18. Nf4 Ne4 19. f3 Ng5 20. h4 Nh7
21. h5 gxh5 22. Kf2 Bd7 23. Rh1 Nf6 24. Rh4 Rae8 25. Rdh1 Qg7 26. Bf1 Kh8
27. Bd3 Rg8 28. R1h3 Qg5 29. Bc1 Ref8 30. Kf1 Ne4 31. fxe4 fxe4 32. Be2
Bxh3+ 33. Rxh3 h4 34. Qxe4 hxg3 35. Kg2 Qf5 36. Rxh6+ Kg7 37. Rg6+ Kh8 38.
Rh6+ Kg7 39. Rg6+ Kh8 40. Rxg8+ Kxg8 41. Qd5+ Qf7 42. Bf3 c6 43. Qxf7+ Kxf7
44. Bd2 Ra8 45. Kxg3 Ke7 46. Kf2 Kd7 47. Ke2 Kc7 48. Nd3 Bf6 49. Be1 b6 50.
Bg3 Bc3 51. Nf2 Bb4 52. Ne4 Rg8 53. Bh2 Rg7 54. Nf2 Rg5 55. Nd3 Bc3 56. Bf4
Rg8 57. Nf2 Bb4 58. Ng4 Bc3 59. Kd3 Bb4 60. Ke4 Rb8 61. Kf5 b5 62. cxb5
cxb5 63. Nf6 bxa4 64. bxa4 Bc5 65. Ke6 Rb3 66. Nd5+ Kd8 67. Be2 Kc8 68.
Ba6+ Kd8 69. Bg5+ Ke8 70. Be7 1-0

[Event "ESP-chT Div Honor 2018"]
[Site "Linares"]
[Date "2018.08.11"]
[Round "6"]
[White "Del Rio de Angelis, Salvador Gabriel"]
[Black "Moreno Tejera, Emilio"]
[Result "1-0"]
[WhiteElo "2525"]
[BlackElo "2429"]
[ECO "E22"]
[Opening "Nimzo-Indian"]
[Variation "Spielmann variation"]
[TimeControl "40/5400+30:1800+30"]
[Annotator "ChessBase"]
[EventDate "2018.08.06"]
[PlyCount "79"]
[EventType "team-tourn"]
[EventCountry "ESP"]

1. d4 Nf6 2. c4 e6 3. Nc3 Bb4 4. Qb3 c5 5. dxc5 Na6 6. a3 Bxc5 7. Nf3 O-O
8. Qc2 d5 9. b4 Be7 10. e3 Nc7 11. Bb2 a5 12. b5 Bd7 13. Rd1 Rc8 14. Qb3
Qe8 15. Ne5 Rd8 16. Be2 Bc8 17. O-O Bd6 18. Na4 Nd7 19. Nf3 Qe7 20. Qc3 f5
21. Qxa5 f4 22. Qc3 dxc4 23. Bxc4 Nd5 24. Bxd5 exd5 25. exf4 Rxf4 26. Rfe1
Qf8 27. Qb3 Kh8 28. Rxd5 Nf6 29. Rd3 Rg4 30. Be5 Be7 31. Rxd8 Bxd8 32. Nc3
Nd7 33. Bg3 h6 34. Ne4 Ba5 35. h3 Rxe4 36. Rxe4 Nc5 37. Bd6 Qxd6 38. Re8+
Kh7 39. Qc2+ Nd3 40. Qxc8 1-0

[Event "ESP-chT Div Honor 2018"]
[Site "Linares"]
[Date "2018.08.11"]
[Round "6"]
[White "Aroshidze, Levan"]
[Black "Cuenca Jimenez, Jose Fernando"]
[Result "1/2-1/2"]
[WhiteElo "2504"]
[BlackElo "2506"]
[ECO "C95"]
[Opening "Ruy Lopez"]
[Variation "closed, Breyer, Borisenko variation"]
[TimeControl "40/5400+30:1800+30"]
[Annotator "ChessBase"]
[EventDate "2018.08.06"]
[PlyCount "151"]
[EventType "team-tourn"]
[EventCountry "ESP"]

1. e4 e5 2. Nf3 Nc6 3. Bb5 a6 4. Ba4 Nf6 5. O-O Be7 6. Re1 b5 7. Bb3 d6 8.
c3 O-O 9. h3 Nb8 10. d4 Nbd7 11. c4 c6 12. Qc2 Bb7 13. Nc3 b4 14. Na4 c5
15. d5 Re8 16. Qe2 Nf8 17. Bc2 Ng6 18. g3 Bc8 19. Kg2 h6 20. Bd2 Rb8 21. b3
Bd7 22. Nb2 Qc8 23. Rh1 Nh7 24. Nd1 f5 25. Ne3 fxe4 26. Bxe4 Ngf8 27. g4
Nf6 28. Bf5 Nh5 29. Kh2 Nf4 30. Qf1 e4 31. Bxe4 Bf6 32. Bc2 Bxa1 33. Qxa1
Qd8 34. Re1 N8g6 35. Nf5 Bxf5 36. gxf5 Ne5 37. Nxe5 Qh4 38. Bxf4 Qxf4+ 39.
Kg2 Rxe5 40. Rxe5 dxe5 41. Qe1 Kf7 42. Be4 Ke7 43. Qe2 Kd6 44. Qg4 Qg5 45.
Kg3 Ke7 46. h4 Qf6 47. Kh3 Kd6 48. Qg3 a5 49. Bc2 Re8 50. Be4 Ke7 51. Qe3
Kd6 52. Qg3 Ra8 53. Bc2 Ra7 54. Kg2 Rc7 55. Kh3 Re7 56. Be4 Kc7 57. Bc2 Qd6
58. Be4 Kd8 59. Bc2 Ke8 60. Kg2 Kf8 61. Kh3 Rd7 62. Kg2 e4 63. Qxd6+ Rxd6
64. h5 Kf7 65. Kg3 Kf6 66. Kf4 Rd8 67. Bd1 Re8 68. Be2 Re5 69. Bg4 Re8 70.
Be2 Ra8 71. Bd1 Ra7 72. Bc2 Ra8 73. Bd1 Re8 74. Be2 Rd8 75. Bd1 Ra8 76. Bc2
1/2-1/2

[Event "ESP-chT Div Honor 2018"]
[Site "Linares"]
[Date "2018.08.11"]
[Round "6"]
[White "Ramiro Ovejero, Juan Luis"]
[Black "Muzychuk, Anna"]
[Result "0-1"]
[WhiteElo "2382"]
[BlackElo "2564"]
[ECO "B31"]
[Opening "Sicilian"]
[Variation "Nimzovich-Rossolimo attack (with ...g6, without ...d6)"]
[TimeControl "40/5400+30:1800+30"]
[Annotator "ChessBase"]
[EventDate "2018.08.06"]
[PlyCount "78"]
[EventType "team-tourn"]
[EventCountry "ESP"]

1. e4 c5 2. Nf3 Nc6 3. Bb5 g6 4. Bxc6 bxc6 5. O-O Bg7 6. Re1 Nf6 7. e5 Nd5
8. c4 Nc7 9. d4 cxd4 10. Qxd4 Ne6 11. Qh4 d6 12. Nc3 dxe5 13. Nxe5 Qc7 14.
Qe4 O-O 15. f4 Nc5 16. Qe3 Nd7 17. b3 Nxe5 18. fxe5 Bf5 19. Bb2 Rfd8 20.
Rad1 Rxd1 21. Nxd1 Rd8 22. Nf2 Qa5 23. Qc3 Qb6 24. Kf1 a5 25. Ba3 Rd7 26.
Rd1 Rxd1+ 27. Nxd1 Bb1 28. Bxe7 Bxa2 29. b4 axb4 30. Bxb4 Bxe5 31. Qxe5
Bxc4+ 32. Ke1 Qxb4+ 33. Nc3 Bd5 34. g3 h5 35. h4 Qb2 36. Qe3 Qg2 37. Qe5
Qb2 38. Qe3 Kh7 39. Qe5 Qc1+ 0-1

[Event "ESP-chT Div Honor 2018"]
[Site "Linares"]
[Date "2018.08.11"]
[Round "6"]
[White "Assaubayeva, Bibissara"]
[Black "Vega Gutierrez, Sabrina Neide"]
[Result "1-0"]
[WhiteElo "2346"]
[BlackElo "2390"]
[ECO "D30"]
[Opening "Queen's gambit declined"]
[TimeControl "40/5400+30:1800+30"]
[Annotator "NA"]
[EventDate "2018.08.06"]
[PlyCount "119"]
[EventType "team-tourn"]
[EventCountry "ESP"]

1. d4 d5 2. c4 e6 3. Nf3 c6 4. Bg5 Be7 5. Bxe7 Qxe7 6. e3 Nf6 7. Nc3 Nbd7
8. Qc2 O-O 9. cxd5 exd5 10. Bd3 Re8 11. O-O Nf8 12. Ne5 Ng4 13. Nxg4 Bxg4
14. Rab1 Qg5 15. Kh1 Qh4 16. b4 Re6 17. f3 Bh5 18. Nd1 a6 19. Qf2 Qxf2 20.
Rxf2 Bg6 21. Bxg6 Nxg6 22. Rc2 Nh4 23. Kg1 Nf5 24. Kf2 Rae8 25. Rb3 Nd6 26.
Nb2 f5 27. a4 g5 28. Rd3 Rh6 29. h3 Rhe6 30. Rdc3 R6e7 31. Rd3 Re6 32. Rdc3
R6e7 33. Rd3 Rf8 34. Rd1 h5 35. Nd3 Nc4 36. Re1 Rfe8 37. Rce2 b5 38. a5 h4
39. Nc5 Ra8 40. e4 dxe4 41. fxe4 f4 42. d5 Rd8 43. Nxa6 cxd5 44. exd5 Ne3
45. Rd2 Red7 46. Nc5 Rxd5 47. Rxd5 Rxd5 48. a6 Rd8 49. Ra1 Nc2 50. Ra5 Nxb4
51. Rxb5 Nc6 52. Ne4 Kf7 53. Rb6 Rd4 54. Nxg5+ Kf6 55. Nf3 Rc4 56. a7 Rc2+
57. Kf1 Ra2 58. Rxc6+ Kf5 59. Nxh4+ Ke4 60. Re6+ 1-0

[Event "ESP-chT Div Honor 2018"]
[Site "Linares"]
[Date "2018.08.12"]
[Round "7"]
[White "Rakhmanov, Aleksandr"]
[Black "Shirov, Alexei"]
[Result "1-0"]
[WhiteElo "2629"]
[BlackElo "2631"]
[ECO "D14"]
[Opening "QGD Slav"]
[Variation "exchange, Trifunovic variation"]
[TimeControl "40/5400+30:1800+30"]
[Annotator "RC"]
[EventDate "2018.08.06"]
[PlyCount "103"]
[EventType "team-tourn"]
[EventCountry "ESP"]

1. d4 d5 2. c4 c6 3. Nf3 Nf6 4. cxd5 cxd5 5. Nc3 Nc6 6. Bf4 Bf5 7. e3 e6 8.
Qb3 Bb4 9. Ne5 Qb6 10. Nxc6 bxc6 11. Be2 Ne4 12. f3 Nxc3 13. bxc3 Be7 14.
c4 Qxb3 15. axb3 Bb4+ 16. Kf2 a5 17. Rhc1 Kd7 18. g4 Bg6 19. cxd5 exd5 20.
e4 dxe4 21. d5 cxd5 22. Bb5+ Ke7 23. Rc7+ Kf8 24. Bc6 Rd8 25. Rd1 Bc5+ 26.
Kg3 e3 27. Bb5 Bb4 28. Rdc1 h5 29. Rc8 Be7 30. Rxd8+ Bxd8 31. Rc8 Ke7 32.
Bg5+ f6 33. Bxe3 hxg4 34. fxg4 Be4 35. h4 d4 36. Bxd4 Bb7 37. Rc3 Bd5 38.
h5 Kf7 39. Bd3 Rf8 40. Bh7 Be6 41. Kh4 Be7 42. Bg6+ Kg8 43. Re3 f5+ 44. g5
Rd8 45. Ba1 Rd6 46. Bxf5 Bxf5 47. Rxe7 Rd7 48. Re5 g6 49. h6 Rd1 50. Rxa5
Rg1 51. Ra4 Rb1 52. Ra7 1-0

[Event "ESP-chT Div Honor 2018"]
[Site "Linares"]
[Date "2018.08.12"]
[Round "7"]
[White "Lopez Martinez, Josep Manuel"]
[Black "Santos Latasa, Jaime"]
[Result "1/2-1/2"]
[WhiteElo "2585"]
[BlackElo "2582"]
[ECO "D38"]
[Opening "QGD"]
[Variation "Ragozin variation"]
[TimeControl "40/5400+30:1800+30"]
[Annotator "ChessBase"]
[EventDate "2018.08.06"]
[PlyCount "92"]
[EventType "team-tourn"]
[EventCountry "ESP"]

1. d4 Nf6 2. c4 e6 3. Nf3 d5 4. Nc3 Bb4 5. cxd5 exd5 6. Bg5 h6 7. Bxf6 Qxf6
8. Qa4+ Nc6 9. Rc1 O-O 10. e3 a6 11. a3 Bxc3+ 12. Rxc3 Qg6 13. Qd1 Re8 14.
g3 Bg4 15. Bg2 Rad8 16. h3 Bxf3 17. Bxf3 Qd6 18. O-O Ne7 19. Qb3 Rb8 20.
Bg2 c6 21. Qc2 Qf6 22. a4 Nf5 23. Rc1 Nd6 24. Qd1 a5 25. b3 Ra8 26. Rc5 Qd8
27. Rb1 Ra7 28. Rc2 g6 29. Rc5 h5 30. h4 Kg7 31. Rc2 Rh8 32. Rcc1 Ra8 33.
Qf3 Re8 34. Qd1 Ra6 35. Rc5 Rb6 36. Rxa5 Rxb3 37. Qxb3 Qxa5 38. Qb4 Qxb4
39. Rxb4 Ra8 40. Bf1 f5 41. Bd3 Kf6 42. Kg2 Ra7 43. Kf3 Nf7 44. Ke2 Nd6 45.
Kf3 Nf7 46. Ke2 Nd6 1/2-1/2